 Dungeon Crawl Stone Soup version 0.31.0-12-g77e489cdc1 (webtiles) character file.

Game seed: 5942512998967478883

329 James the Chopper (level 6, -3/52 HPs)
             Began as a Hill Orc Fighter on Mar 4, 2024.
             Slain by Pikel
             ... wielding a +2 whip of flaming
              (5 damage)
             ... on level 4 of the Dungeon.
             The game lasted 00:06:42 (3017 turns).

James the Chopper (Hill Orc Fighter)                Turns: 3017, Time: 00:06:43

Health: -3/52      AC: 14    Str: 21    XL:     6   Next: 50%
Magic:  6/6        EV:  8    Int: 14    God:
Gold:   166        SH:  4    Dex: 10    Spells: 5/5 levels left

rFire   . . .        a - +0 war axe
rCold   . . .        c - +0 buckler
rNeg    . . .        A - +0 chain mail
rPois   .            (no helmet)
rElec   .            y - +0 cloak
rCorr   .            g - +2 pair of gloves
SInv    .            t - +0 pair of boots
Will    .....        (no amulet) Stlth
                     F - +6 ring of intelligence
HPRegen 0.28/turn    (no ring)
MPRegen 0.10/turn

%: no passive effects
@: mighty
A: no striking features
a: no special abilities


You were on level 4 of the Dungeon.
You visited 1 branch of the dungeon, and saw 4 of its levels.

You collected 166 gold pieces.

Inventory:

Hand Weapons
 a - a +0 war axe (weapon)
 m - a +0 mace
   (You found it on level 1 of the Dungeon)
 u - a +0 flail
   (You took it off a gnoll on level 3 of the Dungeon)
 v - a +0 sling
   (You found it on level 3 of the Dungeon)
 H - a +1 dagger of venom
   (You took it off a kobold on level 4 of the Dungeon)
Missiles
 f - 22 stones (quivered)
 s - 8 poisoned darts
Armour
 b - a +0 scale mail
 c - a +0 buckler (worn)
 g - a +2 pair of gloves (worn)
   (You found it on level 1 of the Dungeon)
 h - a +0 leather armour
   (You found it on level 1 of the Dungeon)
 i - a +0 scale mail
   (You found it on level 1 of the Dungeon)
 o - a +0 leather armour
   (You found it on level 2 of the Dungeon)
 p - a +0 leather armour
   (You found it on level 2 of the Dungeon)
 q - a +0 ring mail
   (You found it on level 2 of the Dungeon)
 r - a +0 leather armour
   (You found it on level 2 of the Dungeon)
 t - a +0 pair of boots (worn)
   (You found it on level 2 of the Dungeon)
 w - a +0 scale mail
   (You found it on level 3 of the Dungeon)
 y - a +0 cloak (worn)
   (You found it on level 3 of the Dungeon)
 A - a +0 chain mail (worn)
   (You found it on level 3 of the Dungeon)
 B - a +0 ring mail
   (You found it on level 3 of the Dungeon)
 C - an orb of wrath
   (You found it on level 3 of the Dungeon)
 I - a +0 chain mail
   (You found it on level 4 of the Dungeon)
 J - a +0 ring mail
   (You found it on level 4 of the Dungeon)
Jewellery
 F - a +6 ring of intelligence (left hand)
   (You found it on level 4 of the Dungeon)
Scrolls
 e - a scroll of fog {unknown}
 j - a scroll of immolation {unknown}
 k - a scroll of identify {unknown}
 n - 4 scrolls of teleportation {@r4}
 x - a scroll of amnesia {unknown}
 z - a scroll of blinking {unknown}
 D - a scroll of revelation {unknown}
 G - a scroll of silence {unknown}
 K - a scroll of fear {unknown}
Potions
 d - a potion of might
 l - 2 potions of brilliance {unknown}
 E - a potion of enlightenment {unknown}


   Skills:
 - Level 4.0 Fighting
 * Level 7.7 Axes
 - Level 4.0 Armour
 - Level 4.0 Shields


You had 5 spell levels left.
You didn't know any spells.
Your spell library contained the following spells:

 Spells                   Type           Power      Damage    Failure   Level
 Magic Dart               Conj           0%         1d3       94%         1
 Blink                    Tloc           0%         N/A       98%         2
 Call Imp                 Summ           0%         N/A       98%         2
 Tukima's Dance           Hex            0%         N/A       100%        3
 Passage of Golubria      Tloc           0%         N/A       100%        4
 Yara's Violent Unravell  Hex/Alch       0%         3d3       100%        5


Dungeon Overview and Level Annotations

Branches:
Dungeon (4/15)
 Temple: D:4-7

Altars:
Hepliaklqana

Annotations:
D:4 Pikel


Message History

You hit the kobold.
You kill the kobold!
You barely miss the lemure. The lemure hits you.
You hit the lemure. The lemure hits you but does no damage.
You closely miss Pikel.
Pikel hits you with a +2 whip of flaming!
Pikel burns you.
You slash Pikel! Pikel barely misses you.
You miss Pikel.
Pikel hits you with a +2 whip of flaming.
Pikel burns you.
You aren't carrying any items that you can evoke.
Unknown command.
You slash Pikel!
Pikel hits you with a +2 whip of flaming!
* * * LOW HITPOINT WARNING * * *
Pikel burns you.
* * * LOW HITPOINT WARNING * * *
You miss Pikel. Pikel hits you but does no damage.
Okay, then.
Unknown command.
You feel very mighty all of a sudden. Pikel closely misses you.
Unknown command.
You hit Pikel. Pikel hits you but does no damage. x2
You slash Pikel! Pikel barely misses you.
You barely miss Pikel.
Pikel hits you with a +2 whip of flaming!
* * * LOW HITPOINT WARNING * * *
Pikel burns you.
* * * LOW HITPOINT WARNING * * *
You closely miss Pikel.
Pikel hits you with a +2 whip of flaming.
* * * LOW HITPOINT WARNING * * *
Pikel burns you.
* * * LOW HITPOINT WARNING * * *
You closely miss Pikel.
Pikel hits you with a +2 whip of flaming.
* * * LOW HITPOINT WARNING * * *
Pikel burns you.
* * * LOW HITPOINT WARNING * * *
You miss Pikel.
Pikel hits you with a +2 whip of flaming.
* * * LOW HITPOINT WARNING * * *
Pikel burns you.
* * * LOW HITPOINT WARNING * * *
You barely miss Pikel.
Pikel hits you with a +2 whip of flaming.
You die...
Pikel says, "See you in Hell!"

#.....†...##..##
#.........# +#
##..##....#
#..##....#
#...#....#
#...#....#
#...#....#
#+######...#....#
#...55K@...#
#....5######
#.....# .........
.........
###.##..## ##
#..# #...


You could see Pikel and 3 lemures.

Vanquished Creatures
  A scorpion (D:4)
  A hound (D:3)
  Natasha (thrice) (D:2)
  5 adders
  4 gnolls (D:3)
  A dart slug (D:1)
  A ribbon worm (D:3)
  8 endoplasms
  2 giant cockroaches
  6 goblins
  12 hobgoblins
  3 jackals (D:4)
  4 kobolds
  5 quokkas
  7 ball pythons
  7 bats (D:1)
  3 frilled lizards
  5 rats (D:1)
78 creatures vanquished.

Notes
Turn   | Place    | Note
-------+----------+-------------------------------------------
     0 | D:1      | James the Hill Orc Fighter began the quest for the Orb.
     0 | D:1      | Reached XP level 1. HP: 19/19 MP: 1/1
   104 | D:1      | Reached skill level 3 in Axes
   145 | D:1      | Reached XP level 2. HP: 27/27 MP: 2/2
   338 | D:1      | Reached XP level 3. HP: 33/33 MP: 3/3
   927 | D:2      | Reached skill level 4 in Axes
  1445 | D:3      | Reached XP level 4. HP: 38/40 MP: 4/4
  1549 | D:3      | Noticed Natasha
  1681 | D:2      | Killed Natasha
  1682 | D:2      | Reached skill level 5 in Axes
  1682 | D:2      | Reached XP level 5. HP: 40/46 MP: 5/5
  1855 | D:2      | Noticed Natasha
  1862 | D:2      | Killed Natasha
  1978 | D:2      | Noticed Natasha
  1998 | D:2      | Killed Natasha
  1999 | D:2      | Reached skill level 6 in Axes
  2369 | D:3      | Reached XP level 6. HP: 52/52 MP: 6/6
  2420 | D:3      | Found a hazy altar of Hepliaklqana.
  2708 | D:3      | Found a faded altar of an unknown god.
  2787 | D:4      | Reached skill level 7 in Axes
  2993 | D:4      | Noticed Pikel
  3016 | D:4      | HP: 1/52 [Pikel/+2 whip of flaming (2)]
  3017 | D:4      | Slain by Pikel

Illustrated notes

Levels and vault maps discovered:
D:1:      dpeg_arrival_pits, layout_loops_ring, hangedman_decor_clover_reticule
D:2:      layout_rooms, chequers_serial_rivers_room_b, kennysheep_boxes
D:3:      layout_basic, lemuel_crystal_altar, hellmonk_ecumenical_altar_run_dry,
          serial_park_tiny_2, uniq_natasha
D:4:      layout_gridville, nicolae_ru_awakened_eye, okawaru_trees_2,
          grunt_decor_cap, minmay_bisected, uniq_pikel

Skill      XL: |  1  2  3  4  5  6 |
---------------+-------------------+-----
Axes           | 3 4 5 6 7 |  7.7
Fighting       | 4 |  4.0
Shields        | 4 |  4.0
Armour         | 4 |  4.0

Action                     |  1- 3 |  4- 6 || total
---------------------------+-------+-------++-------
  Melee: War axe           |   135 |   143 ||   278
    Use: Scroll            |       |     1 ||     1
         Potion            |       |     1 ||     1
 Armour: Scale mail        |   104 |    65 ||   169
         Chain mail        |       |    66 ||    66
  Dodge: Dodged            |    53 |    57 ||   110
  Block: Buckler           |    34 |    30 ||    64
